General information
- name: BNet
- type: Ladder team game (AT/RT)
- host: Battle.net
- saver: Vulture
map: Deadlands
- players: 8
- length: 59:01
- speed: Fast
- version: 1.26 W3XP
- replay type: Public
» download(254 KB)
Players
team 1 (winner)
mattallicore (
blue | 39 APM | 2300 actions | 59:01)
7 Mountain King
3 Storm Bolt
3 Bash
1 Avatar
5 Paladin
2 Holy Light
2 Divine Shield
1 Devotion Aura
» actions
| Assign group hotkey | 34 | |
| Basic commands | 232 | |
| Build / train | 109 | |
| ESC pressed | 2 | |
| Enter build submenu | 37 | |
| Enter hero's abilities submenu | 13 | |
| Give item / drop item | 8 | |
| Right click | 698 | |
| Select / deselect | 777 | |
| Select group hotkey | 213 | |
| Use ability | 177 | |
2300 total
» units
| Peasant | 28 | |
| Footman | 5 | |
| Rifleman | 5 | |
| Mortar Team | 5 | |
| Siege Engine | 3 | |
| Sorceress | 2 | |
| Priest | 2 | |
50 total
» upgrades
| Defend | 1 | |
| Plating | 1 | |
| Gunpowder | 2 | |
| Armor | 2 | |
| Swords | 1 | |
| Long Rifles | 1 | |
| Lumber Harvesting | 2 | |
| Masonry | 2 | |
| Magic Sentry | 1 | |
| Sorceress Training | 2 | |
| Priest Training | 2 | |
| Barrage | 1 | |
| Fragmentation Shards | 1 | |
| Flare | 1 | |
20 total
» buildings
| Farm | 11 | |
| Barracks | 2 | |
| Altar of Kings | 1 | |
| Blacksmith | 2 | |
| Scout Tower | 11 | |
| Arcane Vault | 1 | |
| Arcane Tower | 5 | |
| Keep | 1 | |
| Lumber Mill | 1 | |
| Guard Tower | 4 | |
| Arcane Sanctum | 2 | |
| Castle | 1 | |
| Town Hall | 3 | |
| Workshop | 2 | |
47 total
» build order
01:27 Farm
01:43 Barracks
01:56 Altar of Kings
02:10 Farm
02:13 Barracks
03:02 Farm
03:18 Blacksmith
03:23 Blacksmith
04:45 Scout Tower
05:07 Arcane Vault
05:20 Arcane Tower
05:21 Scout Tower
05:50 Arcane Tower
05:52 Scout Tower
06:22 Arcane Tower
06:33 Farm
07:19 Farm
08:15 Farm
08:31 Keep
09:42 Lumber Mill
10:21 Farm
11:08 Scout Tower
11:44 Guard Tower
11:45 Scout Tower
12:14 Guard Tower
12:15 Scout Tower
12:51 Guard Tower
12:56 Arcane Sanctum
14:17 Arcane Sanctum
14:19 Castle
15:52 Town Hall
16:23 Scout Tower
16:23 Scout Tower
18:22 Workshop
18:22 Workshop
18:24 Guard Tower
18:27 Scout Tower
18:56 Arcane Tower
23:24 Farm
23:24 Farm
23:25 Farm
23:26 Farm
26:58 Town Hall
29:21 Town Hall
29:23 Scout Tower
29:23 Scout Tower
31:02 Arcane Tower
» items
| Scroll of Regeneration | 5 | |
| Orb of Fire | 2 | |
| Potion of Healing | 2 | |
| Scroll of Town Portal | 3 | |
| Staff of Teleportation | 1 | |
13 total
GhostWalking (
teal | 24 APM | 830 actions | 34:06)
4 Blood Mage
2 Flame Strike
2 Siphon Mana
» actions
| Assign group hotkey | 7 | |
| Basic commands | 3 | |
| Build / train | 164 | |
| Enter build submenu | 28 | |
| Enter hero's abilities submenu | 4 | |
| Remove unit from queue | 1 | |
| Right click | 242 | |
| Select / deselect | 264 | |
| Select group hotkey | 29 | |
| Use ability | 88 | |
830 total
» units
| Peasant | 49 | |
| Footman | 8 | |
| Rifleman | 29 | |
| Sorceress | 7 | |
| Dragonhawk Rider | 2 | |
| Gryphon Rider | 4 | |
99 total
» upgrades
| Gunpowder | 3 | |
| Armor | 3 | |
| Long Rifles | 1 | |
| Lumber Harvesting | 2 | |
| Masonry | 3 | |
| Sorceress Training | 2 | |
| Magic Sentry | 1 | |
| Cloud | 1 | |
16 total
» buildings
| Altar of Kings | 1 | |
| Farm | 12 | |
| Barracks | 1 | |
| Blacksmith | 1 | |
| Lumber Mill | 2 | |
| Keep | 1 | |
| Town Hall | 2 | |
| Castle | 1 | |
| Scout Tower | 50 | |
| Guard Tower | 24 | |
| Arcane Sanctum | 1 | |
| Arcane Tower | 2 | |
| Arcane Vault | 1 | |
| Gryphon Aviary | 1 | |
100 total
» build order
00:27 Altar of Kings
00:40 Farm
01:08 Barracks
01:16 Farm
01:38 Farm
02:02 Blacksmith
02:10 Lumber Mill
03:03 Farm
03:28 Farm
03:51 Keep
04:57 Farm
05:59 Town Hall
06:04 Farm
06:05 Farm
06:17 Castle
08:18 Farm
08:19 Farm
08:36 Scout Tower
08:37 Scout Tower
08:38 Scout Tower
08:40 Scout Tower
08:41 Scout Tower
08:42 Scout Tower
08:43 Scout Tower
08:45 Scout Tower
09:47 Farm
10:03 Farm
10:09 Guard Tower
10:15 Guard Tower
10:23 Guard Tower
10:47 Guard Tower
11:13 Guard Tower
11:13 Guard Tower
11:39 Guard Tower
11:39 Guard Tower
11:40 Guard Tower
12:16 Guard Tower
12:16 Guard Tower
12:30 Guard Tower
12:30 Guard Tower
12:38 Arcane Sanctum
20:01 Scout Tower
20:02 Scout Tower
20:03 Scout Tower
20:03 Scout Tower
20:05 Scout Tower
20:09 Scout Tower
20:09 Scout Tower
20:10 Scout Tower
20:34 Guard Tower
20:37 Arcane Tower
20:45 Scout Tower
20:46 Scout Tower
20:46 Scout Tower
20:47 Scout Tower
20:48 Scout Tower
20:50 Scout Tower
21:28 Guard Tower
21:30 Arcane Tower
21:41 Guard Tower
21:43 Guard Tower
21:48 Arcane Vault
22:08 Guard Tower
22:10 Guard Tower
22:15 Lumber Mill
24:21 Gryphon Aviary
24:44 Town Hall
24:47 Scout Tower
24:48 Scout Tower
24:49 Scout Tower
24:51 Scout Tower
24:52 Scout Tower
24:53 Scout Tower
24:56 Scout Tower
24:58 Scout Tower
28:23 Scout Tower
28:24 Scout Tower
28:25 Scout Tower
28:25 Scout Tower
28:26 Scout Tower
28:27 Scout Tower
28:28 Scout Tower
28:29 Scout Tower
28:29 Scout Tower
28:30 Scout Tower
28:31 Scout Tower
28:32 Scout Tower
30:33 Guard Tower
32:04 Scout Tower
32:04 Scout Tower
32:05 Scout Tower
32:06 Scout Tower
32:07 Scout Tower
32:08 Scout Tower
32:08 Scout Tower
32:10 Scout Tower
» items
| Scroll of Town Portal | 2 | |
| Orb of Fire | 1 | |
3 total
Vulture (
purple | 47 APM | 2745 actions | 59:01)
10 Archmage
3 Summon Water Elemental
3 Brilliance Aura
1 Mass Teleport
3 Blizzard
» actions
| Assign group hotkey | 72 | |
| Basic commands | 332 | |
| Build / train | 111 | |
| Enter build submenu | 54 | |
| Enter hero's abilities submenu | 10 | |
| Give item / drop item | 8 | |
| Right click | 961 | |
| Select / deselect | 545 | |
| Select group hotkey | 386 | |
| Use ability | 266 | |
2745 total
» units
| Peasant | 15 | |
| Footman | 5 | |
| Goblin Shredder | 1 | |
| Gryphon Rider | 12 | |
| Goblin Sapper | 6 | |
39 total
» upgrades
| Masonry | 3 | |
| Swords | 3 | |
| Armor | 3 | |
| Animal War Training | 1 | |
| Storm Hammers | 1 | |
| Cloud | 1 | |
| Gunpowder | 2 | |
14 total
» buildings
| Altar of Kings | 1 | |
| Barracks | 1 | |
| Farm | 14 | |
| Arcane Vault | 3 | |
| Lumber Mill | 1 | |
| Keep | 1 | |
| Town Hall | 2 | |
| Scout Tower | 45 | |
| Guard Tower | 15 | |
| Castle | 1 | |
| Gryphon Aviary | 4 | |
| Blacksmith | 2 | |
90 total
» build order
00:40 Altar of Kings
00:41 Barracks
00:52 Farm
00:55 Farm
01:08 Farm
01:41 Farm
03:08 Arcane Vault
03:13 Lumber Mill
03:42 Keep
04:58 Town Hall
05:01 Scout Tower
05:02 Scout Tower
05:02 Scout Tower
05:03 Scout Tower
05:32 Guard Tower
06:30 Farm
06:42 Castle
06:51 Guard Tower
08:00 Gryphon Aviary
08:02 Gryphon Aviary
08:04 Gryphon Aviary
08:08 Gryphon Aviary
08:11 Blacksmith
08:14 Blacksmith
08:21 Guard Tower
12:43 Scout Tower
12:43 Scout Tower
12:43 Scout Tower
12:44 Scout Tower
12:44 Scout Tower
13:11 Arcane Vault
13:43 Guard Tower
15:35 Scout Tower
15:36 Scout Tower
15:36 Scout Tower
15:37 Scout Tower
16:05 Guard Tower
16:06 Guard Tower
17:39 Farm
17:39 Farm
17:39 Farm
17:40 Farm
17:40 Farm
18:07 Farm
18:07 Farm
18:07 Farm
18:08 Farm
21:05 Town Hall
21:22 Arcane Vault
21:23 Scout Tower
21:25 Scout Tower
21:28 Scout Tower
21:30 Scout Tower
21:34 Scout Tower
22:06 Guard Tower
22:40 Scout Tower
22:43 Scout Tower
22:45 Scout Tower
22:45 Scout Tower
22:47 Scout Tower
22:47 Scout Tower
22:48 Scout Tower
22:49 Scout Tower
22:50 Scout Tower
22:50 Scout Tower
22:51 Scout Tower
22:52 Scout Tower
22:52 Scout Tower
22:53 Scout Tower
22:54 Scout Tower
22:55 Scout Tower
22:56 Scout Tower
23:02 Scout Tower
23:02 Scout Tower
23:03 Scout Tower
23:04 Scout Tower
23:04 Scout Tower
23:06 Scout Tower
23:06 Scout Tower
23:06 Scout Tower
23:07 Scout Tower
23:07 Scout Tower
23:20 Guard Tower
23:55 Guard Tower
23:58 Guard Tower
24:02 Guard Tower
25:55 Guard Tower
25:55 Guard Tower
26:24 Guard Tower
27:40 Guard Tower
» items
| Scroll of Regeneration | 9 | |
| Periapt of Vitality | 2 | |
| Staff of Teleportation | 1 | |
| Potion of Lesser Invulnerability | 2 | |
| Potion of Healing | 8 | |
| Scroll of Town Portal | 5 | |
| Mechanical Critter | 2 | |
| Staff of Sanctuary | 1 | |
30 total
Deeplop (
orange | 38 APM | 1287 actions | 33:46)
7 Mountain King
3 Storm Bolt
3 Bash
1 Avatar
» actions
| Assign group hotkey | 72 | |
| Build / train | 90 | |
| Enter build submenu | 48 | |
| Enter hero's abilities submenu | 8 | |
| Remove unit from queue | 1 | |
| Right click | 353 | |
| Select / deselect | 308 | |
| Select group hotkey | 339 | |
| Use ability | 68 | |
1287 total
» units
| Peasant | 19 | |
| Footman | 8 | |
| Gryphon Rider | 17 | |
44 total
» upgrades
| Masonry | 3 | |
| Armor | 3 | |
| Storm Hammers | 1 | |
| Animal War Training | 1 | |
| Swords | 2 | |
10 total
» buildings
| Barracks | 1 | |
| Altar of Kings | 1 | |
| Farm | 13 | |
| Scout Tower | 24 | |
| Lumber Mill | 1 | |
| Guard Tower | 15 | |
| Keep | 1 | |
| Arcane Vault | 1 | |
| Castle | 1 | |
| Gryphon Aviary | 3 | |
| Town Hall | 1 | |
| Blacksmith | 1 | |
| Arcane Tower | 1 | |
64 total
» build order
00:11 Barracks
00:21 Altar of Kings
00:46 Farm
01:22 Scout Tower
01:29 Scout Tower
01:43 Farm
02:09 Lumber Mill
02:32 Farm
03:36 Farm
03:40 Guard Tower
03:43 Scout Tower
04:36 Keep
04:38 Guard Tower
04:46 Farm
04:50 Scout Tower
05:00 Arcane Vault
05:21 Scout Tower
05:26 Scout Tower
05:29 Farm
05:33 Guard Tower
06:06 Farm
07:16 Castle
07:28 Gryphon Aviary
07:42 Gryphon Aviary
07:55 Farm
08:01 Gryphon Aviary
08:37 Farm
08:41 Guard Tower
09:15 Town Hall
09:18 Scout Tower
09:25 Scout Tower
09:53 Farm
10:02 Scout Tower
10:09 Scout Tower
10:11 Guard Tower
10:13 Guard Tower
10:37 Scout Tower
10:42 Guard Tower
10:45 Guard Tower
10:53 Farm
11:02 Blacksmith
11:07 Guard Tower
11:35 Scout Tower
11:54 Farm
12:09 Scout Tower
12:48 Scout Tower
12:50 Guard Tower
12:56 Farm
13:04 Arcane Tower
13:11 Scout Tower
13:18 Guard Tower
13:45 Guard Tower
13:48 Scout Tower
14:54 Scout Tower
15:54 Scout Tower
16:32 Guard Tower
16:35 Scout Tower
20:23 Guard Tower
20:27 Scout Tower
23:30 Scout Tower
25:51 Guard Tower
28:11 Scout Tower
29:51 Scout Tower
32:07 Scout Tower
» items
| Periapt of Vitality | 1 | |
| Scroll of Town Portal | 4 | |
| Potion of Healing | 1 | |
| Scroll of Regeneration | 2 | |
| Orb of Fire | 1 | |
9 total
team 2 (loser)

»
Fenton (
green | 33 APM | 686 actions | 20:34)
3 Blademaster
1 Wind Walk
2 Critical Strike
» actions
| Assign group hotkey | 10 | |
| Basic commands | 45 | |
| Build / train | 48 | |
| Enter build submenu | 20 | |
| Enter hero's abilities submenu | 3 | |
| Give item / drop item | 2 | |
| Remove unit from queue | 1 | |
| Right click | 197 | |
| Select / deselect | 187 | |
| Select group hotkey | 125 | |
| Use ability | 48 | |
686 total
» units
| Peon | 8 | |
| Grunt | 3 | |
| Goblin Shredder | 1 | |
| Tauren | 4 | |
| Demolisher | 6 | |
| Troll Batrider | 8 | |
30 total
» upgrades
| Pillage | 1 | |
| Melee Weapons | 2 | |
| Armor | 1 | |
| Pulverize | 1 | |
| Burning Oil | 1 | |
| Berserker Upgrade | 1 | |
| Troll Regeneration | 1 | |
8 total
» buildings
| Altar of Storms | 1 | |
| Orc Burrow | 10 | |
| Barracks | 1 | |
| War Mill | 1 | |
| Stronghold | 1 | |
| Fortress | 1 | |
| Voodoo Lounge | 1 | |
| Great Hall | 1 | |
| Watch Tower | 6 | |
| Tauren Totem | 2 | |
| Beastiary | 1 | |
26 total
» build order
00:10 Altar of Storms
00:12 Orc Burrow
00:20 Barracks
02:40 Orc Burrow
03:30 War Mill
04:39 Stronghold
04:46 Orc Burrow
06:10 Orc Burrow
06:12 Orc Burrow
07:02 Fortress
08:33 Orc Burrow
08:52 Voodoo Lounge
09:28 Great Hall
09:36 Watch Tower
10:25 Tauren Totem
11:01 Tauren Totem
12:12 Orc Burrow
12:13 Orc Burrow
12:17 Watch Tower
12:18 Watch Tower
12:19 Watch Tower
12:19 Watch Tower
12:20 Watch Tower
15:07 Orc Burrow
15:44 Beastiary
19:02 Orc Burrow
» items
| Boots of Speed | 1 | |
| Staff of Teleportation | 1 | |
| Orb of Lightning | 1 | |
3 total
graaavedigger (
pink | 25 APM | 820 actions | 32:49)
5 Blademaster
2 Wind Walk
3 Critical Strike
1 Dreadlord
1 Carrion Swarm
» actions
| Assign group hotkey | 7 | |
| Basic commands | 45 | |
| Build / train | 56 | |
| Enter build submenu | 34 | |
| Enter hero's abilities submenu | 6 | |
| Give item / drop item | 2 | |
| Right click | 294 | |
| Select / deselect | 306 | |
| Select group hotkey | 6 | |
| Use ability | 64 | |
820 total
» units
| Peon | 9 | |
| Grunt | 8 | |
| Draenei Disciple | 1 | |
| Tauren | 9 | |
| Goblin Shredder | 1 | |
| Shaman | 3 | |
| Gargoyle | 7 | |
38 total
» upgrades
| Armor | 3 | |
| Melee Weapons | 3 | |
| Pulverize | 1 | |
| Shaman Training | 2 | |
9 total
» buildings
| Altar of Storms | 2 | |
| Orc Burrow | 7 | |
| Barracks | 1 | |
| War Mill | 1 | |
| Stronghold | 1 | |
| Fortress | 1 | |
| Tauren Totem | 2 | |
| Spirit Lodge | 1 | |
| Great Hall | 1 | |
| Watch Tower | 12 | |
| Ziggurat | 2 | |
31 total
» build order
00:22 Altar of Storms
00:40 Orc Burrow
00:54 Barracks
01:43 Orc Burrow
02:52 Orc Burrow
04:36 War Mill
05:03 Stronghold
05:40 Orc Burrow
07:07 Orc Burrow
08:12 Fortress
10:39 Tauren Totem
10:42 Tauren Totem
10:46 Orc Burrow
16:02 Spirit Lodge
16:36 Orc Burrow
18:39 Great Hall
22:04 Watch Tower
22:05 Watch Tower
22:07 Watch Tower
22:08 Watch Tower
22:10 Watch Tower
22:22 Watch Tower
22:24 Watch Tower
23:03 Watch Tower
23:04 Watch Tower
23:06 Watch Tower
23:09 Watch Tower
23:10 Watch Tower
25:41 Ziggurat
25:45 Ziggurat
26:56 Altar of Storms
PACKERSVSSEATLE (
yellow | 67 APM | 3981 actions | 59:01)
10 Blademaster
3 Wind Walk
3 Critical Strike
1 Bladestorm
3 Mirror Image
1 Dreadlord
1 Sleep
» actions
| Assign group hotkey | 78 | |
| Basic commands | 4 | |
| Build / train | 96 | |
| Enter build submenu | 22 | |
| Enter hero's abilities submenu | 11 | |
| Give item / drop item | 10 | |
| Remove unit from queue | 3 | |
| Right click | 1860 | |
| Select / deselect | 370 | |
| Select group hotkey | 1144 | |
| Use ability | 383 | |
3981 total
» units
| Peon | 14 | |
| Goblin Shredder | 1 | |
| Wind Rider | 4 | |
| Troll Batrider | 11 | |
| Raider | 12 | |
42 total
» upgrades
| Reinforced Defenses | 1 | |
| Envenomed Spears | 1 | |
| Ranged Weapons | 2 | |
| Armor | 2 | |
| Liquid Fire | 1 | |
| Pillage | 1 | |
| Melee Weapons | 2 | |
10 total
» buildings
| Altar of Storms | 1 | |
| Orc Burrow | 6 | |
| Voodoo Lounge | 1 | |
| Stronghold | 1 | |
| War Mill | 2 | |
| Beastiary | 3 | |
| Fortress | 1 | |
| Great Hall | 2 | |
| Watch Tower | 50 | |
| Barracks | 2 | |
69 total
» build order
00:07 Altar of Storms
00:18 Orc Burrow
00:59 Voodoo Lounge
02:12 Stronghold
02:33 War Mill
02:53 Orc Burrow
02:54 Orc Burrow
02:55 Orc Burrow
04:44 Beastiary
04:45 Beastiary
06:08 Fortress
07:43 Great Hall
08:06 Watch Tower
08:07 Watch Tower
08:09 Watch Tower
08:19 Watch Tower
08:20 Watch Tower
08:20 Watch Tower
08:20 Watch Tower
08:21 Watch Tower
09:52 Beastiary
10:52 Watch Tower
10:52 Watch Tower
10:53 Watch Tower
10:54 Watch Tower
10:54 Watch Tower
12:03 Orc Burrow
12:06 Orc Burrow
12:53 War Mill
13:23 Watch Tower
13:24 Watch Tower
14:01 Watch Tower
14:01 Watch Tower
14:01 Watch Tower
14:02 Watch Tower
14:02 Watch Tower
14:03 Watch Tower
17:23 Watch Tower
17:24 Watch Tower
17:24 Watch Tower
17:24 Watch Tower
17:25 Watch Tower
17:25 Watch Tower
17:26 Watch Tower
17:26 Watch Tower
17:27 Watch Tower
17:27 Watch Tower
17:29 Watch Tower
17:30 Watch Tower
17:32 Watch Tower
17:32 Watch Tower
21:08 Watch Tower
21:08 Watch Tower
21:09 Watch Tower
21:10 Watch Tower
21:11 Watch Tower
21:11 Watch Tower
21:12 Watch Tower
21:12 Watch Tower
21:13 Watch Tower
21:14 Watch Tower
29:10 Watch Tower
29:11 Watch Tower
29:11 Watch Tower
29:12 Watch Tower
29:12 Watch Tower
45:42 Great Hall
56:27 Barracks
56:27 Barracks
» items
| Healing Salve | 7 | |
| Lesser Clarity Potion | 9 | |
| Staff of Teleportation | 1 | |
| Boots of Speed | 1 | |
| Scroll of Town Portal | 5 | |
| Orb of Lightning | 1 | |
| Potion of Mana | 1 | |
| Tiny Great Hall | 1 | |
26 total
chiwauke11 (
red | 23 APM | 473 actions | 20:07)
6 Dreadlord
1 Carrion Swarm
3 Vampiric Aura
1 Sleep
1 Inferno
» actions
| Basic commands | 7 | |
| Build / train | 46 | |
| Enter build submenu | 12 | |
| Enter hero's abilities submenu | 6 | |
| Remove unit from queue | 1 | |
| Right click | 172 | |
| Select / deselect | 194 | |
| Use ability | 35 | |
473 total
» units
| Acolyte | 7 | |
| Ghoul | 3 | |
| Crypt Fiend | 15 | |
25 total
» upgrades
| Creature Attack | 2 | |
| Creature Carapace | 2 | |
| Web | 1 | |
| Burrow | 1 | |
6 total
» buildings
| Ziggurat | 7 | |
| Altar of Darkness | 1 | |
| Crypt | 2 | |
| Graveyard | 1 | |
| Nerubian Tower | 2 | |
| Halls of the Dead | 1 | |
| Spirit Tower | 1 | |
15 total
» build order
00:16 Ziggurat
00:22 Altar of Darkness
00:45 Crypt
01:21 Graveyard
01:45 Ziggurat
02:34 Crypt
03:53 Ziggurat
06:56 Nerubian Tower
07:24 Ziggurat
07:32 Ziggurat
09:57 Nerubian Tower
09:59 Halls of the Dead
10:53 Ziggurat
11:01 Ziggurat
13:20 Spirit Tower
» items
| Scroll of Town Portal | 2 | |
| Orb of Lightning | 1 | |
3 total
Chat log
(00:03 / Allies) Deeplop: 4 hum
(00:16 / All) Vulture: Hi I'm Chucky, wanna play?
(00:45 / All) PACKERSVSSEATLE: who is the better quarterback? Aaron rodgers or russell wilson
(00:48 / Allies) Vulture: Get to work you bags of bones
(01:03 / Allies) mattallicore: they prob gonna rush
(01:06 / All) Vulture: Rodgers and it's not even close
(01:06 / All) mattallicore: jonny manziel
(01:35 / All) Vulture: Russel is less than Dilfer level
(02:06 / Allies) mattallicore: 4 mk?
(02:13 / Allies) Deeplop: kk
(02:17 / Allies) Vulture: Is that the title of a movie
(02:21 / Allies) Vulture: The Four Mountain Kings?
(02:27 / Allies) mattallicore: no
(02:29 / Allies) mattallicore: its the hobbit
(02:43 / Allies) Deeplop: all right, who wants some?
(03:36 / All) PACKERSVSSEATLE: free peasants
(07:42 / Allies) Vulture: you're just a fartknocker teal
(11:12 / Allies) Deeplop: hit?
(11:24 / Allies) GhostWalking: let me hit 70 food
(12:36 / Allies) Deeplop: out purp
(13:32 / All) Vulture: green is genius lol
(13:35 / Allies) Deeplop: nice
(13:37 / Allies) Deeplop: lol
(13:55 / Allies) Vulture: I'm gonna fuck up his burrows
(13:56 / All) Fenton: sorry didnt see you towered whole map
(15:10 / Allies) Deeplop: omw
(15:39 / Allies) GhostWalking: now we hit
(17:21 / All) Vulture: I'm about to get 100 100 food and rape your faggot ass red
(17:38 / All) chiwauke11: suck it niglet
(17:42 / All) Vulture: You're daed
(17:51 / All) chiwauke11: nice spelling
(17:53 / All) chiwauke11: re
(17:55 / All) chiwauke11: fucking
(17:56 / All) chiwauke11: tard
(17:58 / All) Vulture: Typo
(18:01 / All) Vulture: moron
(18:06 / All) chiwauke11: ooooo ok
(18:16 / All) Vulture: Yeah those never happen in video games
(18:28 / Allies) Deeplop: wood?
(18:49 / All) Vulture: silly noob
(19:33 / All) Vulture: I'm taking your expo
(19:35 / All) Vulture: do something about it
(20:03 / All) chiwauke11: i like how much this game controls your life
(21:11 / All) graaavedigger: you all went air lol
(21:22 / All) GhostWalking: I didn't o_o
(22:23 / All) Deeplop: nice yellow
(22:26 / All) Deeplop: any more?
(22:51 / All) PACKERSVSSEATLE: yes
(22:52 / All) PACKERSVSSEATLE: shortly
(23:04 / All) Deeplop: i see that!
(23:06 / All) Deeplop: lol
(23:09 / Allies) Vulture: gold
(23:10 / Allies) Vulture: please
(23:16 / Allies) Vulture: lumbeR*
(23:17 / Allies) Vulture: I mean
(23:26 / Allies) Vulture: lots of lumber
(23:43 / Allies) Vulture: guyS I need lumber
(24:27 / Allies) Vulture: Anyone can give lumber?
(24:47 / Allies) Vulture: anyone there is to give the lumbeR?
(26:26 / Allies) Vulture: lumber?
(26:28 / Allies) Vulture: wood?
(26:59 / Allies) Deeplop: go next blue
(27:01 / Allies) Deeplop: we clear
(28:27 / Allies) Vulture: attack guys
(28:45 / Allies) Deeplop: ?
(29:07 / Allies) mattallicore: gold
(29:32 / Allies) mattallicore: wt
(29:40 / Allies) mattallicore: purp
(29:44 / Allies) mattallicore: tk
(29:45 / Allies) mattallicore: why
(30:26 / All) Deeplop: w/e purp
(30:51 / Allies) Deeplop: those birds were annoying anyways
(31:24 / All) mattallicore: purp tkin
(31:30 / All) PACKERSVSSEATLE: how is that my problem
(31:33 / All) PACKERSVSSEATLE: y are u telling me
(31:41 / All) Deeplop: so you don't feel good when u win
(31:48 / All) Deeplop: it's pretty selfish of us
(31:54 / All) Deeplop: and so you know Vulture is TKer
(32:26 / Allies) Deeplop: teal, u still playing?
(32:35 / Allies) GhostWalking: trying
(35:04 / All) PACKERSVSSEATLE: aint nothing too it
(35:40 / All) PACKERSVSSEATLE: i cannot believe i won 1v4
(35:41 / All) PACKERSVSSEATLE: woo hoo
(36:52 / All) mattallicore: hahahaha
(38:00 / All) PACKERSVSSEATLE: once avatar dies off u 2 mks are dead
(38:38 / Allies) Vulture: ahahahahahah
(40:27 / All) PACKERSVSSEATLE: wut happened on that side
(40:29 / All) PACKERSVSSEATLE: i dont get it
(40:31 / All) PACKERSVSSEATLE: did blue tk?
(40:37 / All) Vulture: yeah blue is an evil tk
(40:50 / All) mattallicore: nope it was purp
(40:59 / All) Vulture: stfu liar
(41:04 / All) Vulture: that's libel and I'll have your ass in court
(42:50 / All) Vulture: Blue is a fugitive
(42:55 / All) Vulture: He has no home to escape to
(43:47 / Allies) Vulture: ahahahahaha
(44:23 / All) Vulture: AHAHAHAHAHAHAHAHAHA
(44:31 / All) Vulture: LOL!
(44:33 / All) Vulture: HAHAHAHA
(44:37 / All) Vulture: HOOOO BOY
(44:40 / All) Vulture: That was a good one!
(46:21 / All) Vulture: Here lies blue's hopes and dreams
(46:55 / All) PACKERSVSSEATLE: dont be a poor sport now blue
(46:56 / All) PACKERSVSSEATLE: cmon now
(47:10 / Allies) Vulture: time to leave, blue
(47:11 / Allies) Vulture: you lost
(47:15 / Allies) Vulture: so beat it, asshole